 Dungeon Crawl Stone Soup version 0.29.1-15-g9cfb28693d (webtiles) character file.

Game seed: 11206191562492731228

2808 BuddhaDhamma the Severer (level 9, -3/70 HPs)
             Began as a Minotaur Berserker on Mar 14, 2023.
             Was an Elder of Trog.
             Slain by an orange demon (6 damage)
             ... led by Amaemon
             ... on level 7 of the Dungeon.
             The game lasted 00:14:06 (7871 turns).

BuddhaDhamma the Severer (Minotaur Berserker)       Turns: 7871, Time: 00:14:07

Health: -3/70      AC: 13    Str: 27    XL:     9   Next: 44%
Magic:  8/8        EV:  9    Int:  4    God:    Trog [****..]
Gold:   54         SH:  0    Dex:  9    Spells: 8/8 levels left

rFire   . . .      SeeInvis .   y - +0 executioner's axe (chaos)
rCold   . . .      Faith    .   (shield currently unavailable)
rNeg    . . .      Spirit   .   A - +0 chain mail
rPois   .          Reflect  .   (helmet restricted)
rElec   .          Harm     .   h - +0 cloak
rCorr   .          Rampage  .   c - +1 pair of gloves
Will    .....                   s - +0 pair of boots
Stlth   ..........              j - amulet of the acrobat
HPRegen 0.21/turn               (no ring)
MPRegen 0.11/turn               (no ring)

@: weakened, on berserk cooldown, slowed, very slow
A: horns 2, retaliatory headbutt
a: Renounce Religion, Berserk, Trog's Hand, Brothers in Arms


You were on level 7 of the Dungeon.
You worshipped Trog.
Trog was greatly pleased with you.
You visited 1 branch of the dungeon, and saw 8 of its levels.

You collected 294 gold pieces.
You spent 240 gold pieces at shops.

Inventory:

Hand Weapons
 y - a +0 executioner's axe of chaos (weapon)
Missiles
 q - 9 poisoned darts (quivered)
Armour
 c - a +1 pair of gloves (worn)
 h - a +0 cloak (worn)
 s - a +0 pair of boots (worn)
 x - a +2 ring mail of fire resistance
 A - a +0 chain mail (worn)
Jewellery
 j - an amulet of the acrobat (around neck)
 p - an amulet of guardian spirit
Scrolls
 b - a scroll of magic mapping
 e - a scroll of butterflies
 i - 2 scrolls of teleportation
 v - a scroll of fear
Potions
 a - a potion of invisibility {unknown}
 d - 3 potions of flight
 g - a potion of lignification
 k - 4 potions of curing
 l - 2 potions of might {unknown}
 m - a potion of ambrosia {unknown}
 n - 3 potions of brilliance
 o - a potion of mutation {unknown}
 r - 2 potions of heal wounds
 t - 3 potions of haste
 u - a potion of experience {unknown}
 w - a potion of degeneration {unknown}


   Skills:
 - Level 3.6 Fighting
 + Level 15.6 Axes
 - Level 2.4 Armour
 - Level 2.1 Dodging


You had 8 spell levels left.
You didn't know any spells.
Your spell library was empty.

Dungeon Overview and Level Annotations

Branches:
Dungeon (8/15)             Temple (0/1) D:7
   Lair: D:8-11

Altars:
Nemelex Xobeh
Ru
Vehumet
Xom
Yredelemnul
Zin

Shops:
D:1 =   D:6 *

Annotations:
D:8 Amaemon


Innate Abilities, Weirdness & Mutations

You have a pair of horns on your head.
You reflexively headbutt those who attack you in melee.


Message History

You hit the orange demon but do no damage.
Space warps around the orange demon.
You headbutt the orange demon.
The orange demon is lightly wounded.
You miss something. Something hits you but does no damage.
The orange demon stings you!
* * * LOW HITPOINT WARNING * * *
The orange demon hits you.
* * * LOW HITPOINT WARNING * * *
You feel as though you will be weak longer.
You hit the orange demon but do no damage.
The orange demon is lightly wounded.
You miss something. Something hits you but does no damage.
The orange demon stings you.
* * * LOW HITPOINT WARNING * * *
The orange demon hits you but does no damage.
Something hits you but does no damage.
The orange demon stings you but does no damage.
The orange demon hits you but does no damage.
You barely miss the orange demon.
The orange demon is lightly wounded.
You miss something. Something hits you but does no damage.
The orange demon stings you but does no damage.
The orange demon hits you but does no damage.
Something hits you but does no damage.
The orange demon stings you but does no damage.
The orange demon hits you.
* * * LOW HITPOINT WARNING * * *
You feel as though you will be weak longer.
You barely miss the orange demon.
The orange demon is lightly wounded.
You barely miss something. Something hits you but does no damage.
The orange demon completely misses you. The orange demon closely misses you.
You barely miss the orange demon. You headbutt the orange demon.
The orange demon is lightly wounded.
You miss something. Something hits you but does no damage.
The orange demon stings you but does no damage.
The orange demon hits you.
* * * LOW HITPOINT WARNING * * *
Something hits you but does no damage. The orange demon stings you.
You die...

########.##.####...####..###
##...#..#.#######...####'####
#...................#........
#...................#........
######..................#........
....##..................#........
....##...##...##...###..###...##.
....##..[#######4..###..########.
..............#)@{............#..
..............#...............#..
..............#...............#..
~≈≈...........#...............#..
##~.##...#######..#########..###.
.#~.##...##.##########.####..###.
.#~...............#..............
.#~.).............#..............
##~...............#..............


You could see an orange demon.

Vanquished Creatures
  Maggie (D:7)
  Grinder (D:6)
  Sigmund (D:2)
  A steam dragon (D:7)
  Menkaure (D:5)
  2 water moccasins
  3 ice beasts
  An orc warrior (D:6)
  A sky beast (D:7)
  3 ogres
  A centaur (D:6)
  2 phantoms
  Blork the orc (D:4)
  2 necrophages (D:7)
  A bullfrog (D:7)
  A scorpion (D:4)
  3 killer bees (D:7)
  A howler monkey (D:6)
  A jelly (D:7)
  An orc priest (D:4)
  2 iguanas (D:6)
  9 adders
  3 worms
  5 dart slugs
  10 orcs
  9 ball pythons
  6 endoplasms
  2 giant cockroaches (D:1)
  13 hobgoblins
  4 jackals (D:2)
  3 quokkas
  7 bats
  4 frilled lizards
  10 goblins
  14 kobolds
  6 rats
136 creatures vanquished.

Notes
Turn   | Place    | Note
-------+----------+-------------------------------------------
     0 | D:1      | BuddhaDhamma the Minotaur Berserker began the quest for the
                  | Orb.
     0 | D:1      | Reached XP level 1. HP: 19/19 MP: 0/0
   142 | D:1      | Found Tinker's Jewellery Shoppe.
   150 | D:1      | Reached skill level 4 in Axes
   459 | D:1      | Reached XP level 2. HP: 26/26 MP: 1/1
  1177 | D:1      | Reached skill level 5 in Axes
  1180 | D:1      | Reached ** piety under Trog
  1228 | D:1      | Reached XP level 3. HP: 24/31 MP: 2/2
  1651 | D:2      | Found a faded altar of an unknown god.
  1909 | D:2      | Noticed Sigmund
  1923 | D:2      | Killed Sigmund
  1924 | D:2      | Reached skill level 7 in Axes
  1924 | D:2      | Reached XP level 4. HP: 39/39 MP: 3/3
  1924 | D:2      | Reached XP level 5. HP: 45/45 MP: 4/4
  2369 | D:2      | Reached skill level 8 in Axes
  2983 | D:3      | Reached *** piety under Trog
  3008 | D:3      | Reached XP level 6. HP: 51/51 MP: 5/5
  3563 | D:4      | Noticed Blork the orc
  3575 | D:4      | Killed Blork the orc
  3764 | D:4      | Reached skill level 9 in Axes
  3936 | D:4      | You fall into a shaft and drop 3 floors!
  4000 | D:6      | Reached XP level 7. HP: 43/57 MP: 6/6
  4019 | D:6      | Reached skill level 10 in Axes
  4138 | D:6      | Found a shimmering altar of Xom.
  4138 | D:6      | Noticed an angel
  4140 | D:6      | Found a glowing silver altar of Zin.
  4179 | D:5      | Entered Level 5 of the Dungeon
  4309 | D:5      | Noticed Menkaure
  4324 | D:5      | Killed Menkaure
  4325 | D:5      | Reached skill level 11 in Axes
  4541 | D:4      | Reached XP level 8. HP: 64/64 MP: 7/7
  4577 | D:4      | Found a radiant altar of Vehumet.
  4639 | D:4      | Found a basalt altar of Yredelemnul.
  4648 | D:4      | Found a sacrificial altar of Ru.
  5068 | D:5      | Reached **** piety under Trog
  5069 | D:5      | Reached skill level 12 in Axes
  6098 | D:6      | Noticed Grinder
  6102 | D:6      | Paralysed by Grinder for 5 turns
  6117 | D:6      | Paralysed by Grinder for 4 turns
  6129 | D:6      | Killed Grinder
  6130 | D:6      | Reached skill level 13 in Axes
  6480 | D:6      | Found Niohutz's Assorted Antiques.
  6604 | D:6      | Bought an executioner's axe for 240 gold pieces
  6631 | D:6      | Found a sparkling altar of Nemelex Xobeh.
  6925 | D:7      | Reached skill level 14 in Axes
  7072 | D:7      | Reached XP level 9. HP: 55/70 MP: 8/8
  7437 | D:7      | Reached skill level 15 in Axes
  7482 | D:7      | Found a staircase to the Ecumenical Temple.
  7760 | D:7      | Noticed Maggie
  7772 | D:7      | Killed Maggie
  7848 | D:8      | Noticed Amaemon
  7848 | D:8      | Noticed an orange demon
  7871 | D:7      | HP: 3/70 [orange demon[Amaemon] (3)]
  7871 | D:7      | Slain by an orange demon

Illustrated notes

Levels and vault maps discovered:
D:1:      dpeg_arrival_morbid_curiosity, layout_basic, serial_shops,
          shop_statue, minmay_tiny_reverse_x
D:2:      layout_basic, hellmonk_ecumenical_altar_leap_of_faith,
          minmay_tromino_v7, uniq_sigmund
D:3:      layout_basic, kennysheep_generic_room_8
D:4:      layout_cave_pools, nicolae_vehumet_altar_sigil,
          mainiacjoe_overflow_swirl, uniq_blork_the_orc
D:5:      layout_basic, uniq_menkaure
D:6:      layout_basic, grunt_temple_overflow_order_and_chaos_1,
          mainiacjoe_overflow_concentric_impassable, serial_shops, shop,
          uniq_grinder
D:7:      layout_gridville, minmay_temple_entry_statues_pillars, enter_bailey_3,
          uniq_maggie
D:8:      layout_basic, minmay_starry_boxes, uniq_amaemon, uniq_erica

Skill      XL: |  1  2  3  4  5  6  7  8  9 |
---------------+----------------------------+-----
Axes           | 4 5 7 8 9 11 14 15 | 15.6
Fighting       | |  3.6
Armour         | |  2.4
Dodging        | |  2.1

Action                   |  1- 3 |  4- 6 |  7- 9 || total
-------------------------+-------+-------+-------++-------
Melee: Hand axe          |   115 |    86 |     9 ||   210
       Headbutt          |    14 |    11 |    23 ||    48
       Punch             |       |     1 |       ||     1
       War axe           |       |       |    73 ||    73
       Executioner's axe |       |       |    93 ||    93
Invok: Berserk           |     1 |       |     3 ||     4
  Use: Scroll            |       |    11 |     7 ||    18
 Stab: Sleeping          |     1 |       |       ||     1
Armor: Animal skin       |    15 |       |       ||    15
       Ring mail         |    21 |    18 |    72 ||   111
       Chain mail        |       |       |    35 ||    35
Dodge: Dodged            |    73 |    53 |    99 ||   225
